[Event "January 9 Early 2024"]
[Site "https://www.chess.com"]
[Date "2024.01.11"]
[Round "3"]
[White "Garcia Correa, Jose Ricardo"]
[Black "Jovic, Stanoje"]
[Result "0-1"]
[Board "22"]
[TimeControl "180+1"]
[WhiteFideId "5101832"]
[BlackFideId "905020"]
[WhiteElo "2219"]
[BlackElo "2417"]
[WhiteTeam "MEX"]
[BlackTeam "SRB"]
[WhiteClock "0:01:31"]
[BlackClock "0:01:28"]

1. e4 c6 2. d4 d5 3. Nc3 dxe4 4. Nxe4 Nf6 5. Ng5 h6 6. N5f3 Bg4 7. h3 Bh5 8. g4 Bg6 9. Ne5 Be4 10. f3 Bh7 11. Bc4 e6 12. Be3 Nbd7 13. f4 Be4 14. Rh2 Nd5 15. Qd2 Nxe5 16. dxe5 b5 17. Bb3 a5 18. a3 a4 19. Ba2 b4 20. Bc4 bxa3 21. bxa3 Rb8 22. Qd4 Bh7 23. Qa7 Be7 24. Qxa4 Nxe3 25. Qxc6+ Kf8 26. Bd3 Bxd3 27. cxd3 Qxd3 28. Ne2 Nc2+ 0-1

[Event "January 9 Early 2024"]
[Site "https://www.chess.com"]
[Date "2024.01.11"]
[Round "3"]
[White "Boldoo, Erdenepurev"]
[Black "Kekic, Armin"]
[Result "1-0"]
[Board "23"]
[TimeControl "180+1"]
[WhiteFideId "4901037"]
[BlackFideId "14401274"]
[WhiteElo "2553"]
[BlackElo "2340"]
[WhiteTeam "MGL"]
[BlackTeam "BIH"]
[WhiteClock "0:01:53"]
[BlackClock "0:01:08"]

1. d4 d5 2. c4 e6 3. Nf3 Nf6 4. g3 Be7 5. Bg2 O-O 6. O-O b6 7. Nc3 Bb7 8. Ne5 Nbd7 9. Qa4 Nxe5 10. dxe5 Nd7 11. cxd5 Nxe5 12. d6 Bxg2 13. dxe7 Qxe7 14. Kxg2 f5 15. Rd1 Rfd8 16. Bf4 Ng4 17. Qc4 c5 18. h3 Nf6 19. Bg5 h6 20. Bxf6 Qxf6 21. Rxd8+ Rxd8 22. Rd1 Re8 23. Rd6 Qe7 24. Qd3 Qb7+ 25. Kg1 e5 26. Qd5+ Qxd5 27. Nxd5 1-0

[Event "January 9 Early 2024"]
[Site "https://www.chess.com"]
[Date "2024.01.11"]
[Round "3"]
[White "Radibratovic, Predrag"]
[Black "Materia, Marco"]
[Result "0-1"]
[Board "24"]
[TimeControl "180+1"]
[WhiteFideId "902012"]
[BlackFideId "45150451"]
[WhiteElo "2514"]
[BlackElo "2823"]
[WhiteTeam "SRB"]
[BlackTeam "FRA"]
[WhiteClock "0:01:43"]
[BlackClock "0:01:52"]

1. d4 Nf6 2. Bg5 d5 3. Bxf6 gxf6 4. e3 Bf5 5. Bd3 Bxd3 6. Qxd3 e6 7. c3 Nd7 8. Nf3 Bd6 9. Nbd2 f5 10. g3 Qe7 11. a4 a5 12. Qb5 O-O 13. O-O c6 14. Qe2 Kh8 15. Nh4 Rg8 16. Ng2 Nf6 17. Nf3 Ne4 18. Nd2 Ng5 19. h4 Ne4 20. Nxe4 fxe4 21. Kh2 Rg6 22. Rg1 Rag8 23. Nf4 Rh6 24. Rg2 f6 25. Kg1 e5 26. Nh3 exd4 27. cxd4 f5 28. Nf4 Bxf4 29. exf4 Qb4 30. Qe3 Qxb2 31. Rc1 Qb4 32. Ra1 Qb2 33. Rd1 Qa2 34. Qc3 Qxa4 35. Rb1 b5 36. Qc5 Qc4 37. Qe7 Qxd4 38. Rc1 a4 39. Kh2 Qb2 40. f3 Qg7 41. Qxg7+ Rxg7 42. fxe4 fxe4 43. Rgc2 a3 44. Rxc6 Rxc6 45. Rxc6 Ra7 0-1

[Event "January 9 Early 2024"]
[Site "https://www.chess.com"]
[Date "2024.01.11"]
[Round "3"]
[White "Szczepanek, Radoslaw"]
[Black "Mihajlovskij, Sergei"]
[Result "0-1"]
[Board "25"]
[TimeControl "180+1"]
[WhiteFideId "1120395"]
[BlackFideId "13500805"]
[WhiteElo "2377"]
[BlackElo "2208"]
[WhiteTeam "POL"]
[BlackTeam "BLR"]
[WhiteClock "0:00:50"]
[BlackClock "0:01:59"]

1. e4 d5 2. exd5 Qxd5 3. Nc3 Qe5+ 4. Be2 Bg4 5. d4 Bxe2 6. Ngxe2 Qa5 7. O-O Nf6 8. b4 Qh5 9. Rb1 Nbd7 10. a4 e6 11. Bf4 Be7 12. Nb5 O-O 13. Nxc7 Rac8 14. Nb5 a6 15. Nd6 Bxd6 16. Bxd6 Rfd8 17. c3 Nb6 18. Bg3 Nbd5 19. Qd3 Qg6 20. Qf3 Ne4 21. Rbd1 Nexc3 22. Nxc3 Nxc3 23. Ra1 b5 24. axb5 axb5 25. Ra7 Nd5 26. Qe2 Rc4 27. Rb1 Qxb1+ 0-1

[Event "January 9 Early 2024"]
[Site "https://www.chess.com"]
[Date "2024.01.11"]
[Round "3"]
[White "Feliz Dotel, Dewar Bienvenido"]
[Black "Nesterov, Arseniy"]
[Result "0-1"]
[Board "26"]
[TimeControl "180+1"]
[WhiteFideId "6402801"]
[BlackFideId "24198455"]
[WhiteElo "2151"]
[BlackElo "2889"]
[WhiteTeam "DOM"]
[BlackTeam "FID"]
[WhiteClock "0:00:50"]
[BlackClock "0:02:03"]

1. Nf3 d5 2. g3 Nf6 3. Bg2 e6 4. O-O Be7 5. d4 O-O 6. c4 dxc4 7. Qc2 a6 8. Qxc4 b5 9. Qc2 Bb7 10. Rd1 Nbd7 11. a4 c5 12. dxc5 Be4 13. Qc3 Bxc5 14. axb5 axb5 15. Rxa8 Qxa8 16. Nbd2 Rc8 17. Qb3 Bc2 18. Qxc2 Bxf2+ 19. Kxf2 Rxc2 20. Nd4 Ng4+ 21. Kg1 Qa7 22. Nf3 e5 23. h3 exd4 24. hxg4 d3+ 25. e3 Rxc1 26. Rxc1 Qxe3+ 27. Kh2 Qxc1 0-1

[Event "January 9 Early 2024"]
[Site "https://www.chess.com"]
[Date "2024.01.11"]
[Round "3"]
[White "Haring, Filip"]
[Black "Fiedorek, Michal"]
[Result "1-0"]
[Board "27"]
[TimeControl "180+1"]
[WhiteFideId "14933080"]
[BlackFideId "1199528"]
[WhiteElo "2703"]
[BlackElo "2493"]
[WhiteTeam "SVK"]
[BlackTeam "POL"]
[WhiteClock "0:01:05"]
[BlackClock "0:01:19"]

1. Nf3 Nf6 2. d4 g6 3. Bf4 Bg7 4. e3 d6 5. h3 O-O 6. Nbd2 b6 7. c3 Bb7 8. Bc4 Nbd7 9. O-O h6 10. a4 a6 11. Bh2 c5 12. Qe2 Ra7 13. e4 Qa8 14. e5 Ne4 15. e6 Nxd2 16. Nxd2 d5 17. Bd3 Nf6 18. exf7+ Kxf7 19. Rae1 Ne4 20. f3 Nxd2 21. Qe6+ 1-0

[Event "January 9 Early 2024"]
[Site "https://www.chess.com"]
[Date "2024.01.11"]
[Round "3"]
[White "Yurasov, Matfey"]
[Black "Golubovic, Erik"]
[Result "1-0"]
[Board "28"]
[TimeControl "180+1"]
[WhiteFideId "55617603"]
[BlackFideId "14586908"]
[WhiteElo "2545"]
[BlackElo "2239"]
[WhiteTeam "FID"]
[BlackTeam "CRO"]
[WhiteClock "0:02:01"]
[BlackClock "0:00:46"]

1. e4 c5 2. Nf3 d6 3. Bb5+ Bd7 4. Bxd7+ Qxd7 5. O-O Nc6 6. d4 cxd4 7. Nxd4 Nf6 8. Re1 e6 9. c4 Be7 10. Nc3 O-O 11. b3 Rfd8 12. Bb2 Rac8 13. Qd2 a6 14. Rad1 Bf8 15. Qe2 g6 16. Nf3 Qc7 17. Nd5 Nxd5 18. exd5 exd5 19. cxd5 Ne7 20. Qe4 Nf5 21. g4 Bg7 22. Bxg7 Nxg7 23. Qf4 Re8 24. Ng5 Rxe1+ 25. Rxe1 Re8 26. Ne4 Re5 27. Nf6+ Kh8 28. Rxe5 dxe5 29. Qh6 1-0

[Event "January 9 Early 2024"]
[Site "https://www.chess.com"]
[Date "2024.01.11"]
[Round "3"]
[White "Tomb, Maroun"]
[Black "Bacrot, Etienne"]
[Result "1-0"]
[Board "29"]
[TimeControl "180+1"]
[WhiteFideId "5300398"]
[BlackFideId "605506"]
[WhiteElo "2593"]
[BlackElo "2832"]
[WhiteTeam "LBN"]
[BlackTeam "FRA"]
[WhiteClock "0:01:26"]
[BlackClock "0:01:00"]

1. e4 c5 2. Ne2 Nc6 3. Nbc3 e5 4. Ng3 g6 5. Bc4 Bg7 6. d3 Nge7 7. f4 d6 8. f5 gxf5 9. Qh5 Rf8 10. Qxh7 Bh8 11. Bh6 Kd7 12. Bxf8 Qxf8 13. Nxf5 Nxf5 14. Qxf5+ Ke8 15. Qh5 Qg7 16. O-O Nd8 17. Rxf7 Nxf7 18. Rf1 Bg4 19. Bxf7+ Kd7 20. Qh4 Rf8 21. Nd5 Be2 22. Qe7+ Kc6 23. Qc7+ Kb5 1-0

[Event "January 9 Early 2024"]
[Site "https://www.chess.com"]
[Date "2024.01.11"]
[Round "3"]
[White "Sharapov, Evgeny"]
[Black "Bogumil, Tatiana"]
[Result "1-0"]
[Board "30"]
[TimeControl "180+1"]
[WhiteFideId "14103133"]
[BlackFideId "4110579"]
[WhiteElo "2536"]
[BlackElo "2100"]
[WhiteTeam "UKR"]
[BlackTeam "RUS"]
[WhiteClock "0:02:28"]
[BlackClock "0:00:02"]

1. e4 e6 2. d4 d5 3. Nc3 dxe4 4. Nxe4 Bd7 5. Nf3 Bc6 6. Ng3 Nd7 7. Bd3 Ngf6 8. O-O Bxf3 9. Qxf3 c6 10. c4 Bd6 11. b3 Qc7 12. Bb2 O-O 13. h3 Bf4 14. Ne4 e5 15. Nxf6+ Nxf6 16. g3 e4 17. Bxe4 Nxe4 18. Qxe4 Bd6 19. Rfe1 h6 20. Qf3 Rfe8 21. Kg2 Kf8 22. h4 Be7 23. d5 cxd5 24. cxd5 Qd6 25. Rad1 1-0

[Event "January 9 Early 2024"]
[Site "https://www.chess.com"]
[Date "2024.01.11"]
[Round "3"]
[White "Horak, Martin"]
[Black "Santos Latasa, Jaime"]
[Result "0-1"]
[Board "31"]
[TimeControl "180+1"]
[WhiteFideId "367095"]
[BlackFideId "2293307"]
[WhiteElo "2522"]
[BlackElo "2913"]
[WhiteTeam "CZE"]
[BlackTeam "ESP"]
[WhiteClock "0:00:12"]
[BlackClock "0:02:14"]

1. e4 c5 2. Nf3 Nc6 3. Bb5 e6 4. O-O Nge7 5. Re1 a6 6. Bf1 d5 7. exd5 Nxd5 8. d4 Nf6 9. Be3 cxd4 10. Nxd4 Bd7 11. c4 Qc7 12. Nc3 Bd6 13. h3 O-O 14. Rc1 Rfd8 15. b3 Be8 16. Nce2 Ba3 17. Qc2 Bxc1 18. Rxc1 Nxd4 19. Bxd4 e5 20. Bb2 Bc6 21. Ng3 Nd7 22. Re1 f6 23. Qf5 Nf8 24. Nh5 Qf7 25. f4 Bd7 26. Qg4 Bxg4 0-1

[Event "January 9 Early 2024"]
[Site "https://www.chess.com"]
[Date "2024.01.11"]
[Round "3"]
[White "Nigalidze, Gaioz"]
[Black "Hrebenshchykova, Yelyzaveta"]
[Result "0-1"]
[Board "32"]
[TimeControl "180+1"]
[WhiteFideId "13603078"]
[BlackFideId "14159899"]
[WhiteElo "2666"]
[BlackElo "2493"]
[WhiteTeam "GEO"]
[BlackTeam "UKR"]
[WhiteClock "0:00:19"]
[BlackClock "0:01:44"]

1. d4 Nf6 2. c4 e6 3. Nc3 Bb4 4. f3 c5 5. d5 b5 6. e4 bxc4 7. Bxc4 Ba6 8. Bxa6 Nxa6 9. Qd3 Qb6 10. Ne2 O-O 11. Be3 exd5 12. exd5 Rfe8 13. Kf2 c4 14. Bxb6 cxd3 15. Bd4 dxe2 16. Nxe2 0-1

[Event "January 9 Early 2024"]
[Site "https://www.chess.com"]
[Date "2024.01.11"]
[Round "3"]
[White "Vlassov, Nikolai"]
[Black "Madaminov, Mukhiddin"]
[Result "1-0"]
[Board "33"]
[TimeControl "180+1"]
[WhiteFideId "4103360"]
[BlackFideId "14210703"]
[WhiteElo "2644"]
[BlackElo "2859"]
[WhiteTeam "FID"]
[BlackTeam "UZB"]
[WhiteClock "0:01:40"]
[BlackClock "0:00:45"]

1. e4 e5 2. Bc4 Nf6 3. d3 c6 4. Nf3 d5 5. Bb3 a5 6. Nc3 d4 7. Nxe5 a4 8. Bxf7+ Ke7 9. Ne2 Qa5+ 10. c3 Qxe5 11. cxd4 Qh5 12. Bxh5 Nxh5 13. O-O g6 14. f4 Rg8 15. Be3 Nd7 16. Rc1 Ke8 17. d5 cxd5 18. Nd4 Bc5 19. Rxc5 Nxc5 20. Nb5 Na6 21. Qxa4 Bd7 22. Nd6+ Ke7 23. Qa3 Nc7 24. Nf5+ 1-0

[Event "January 9 Early 2024"]
[Site "https://www.chess.com"]
[Date "2024.01.11"]
[Round "3"]
[White "Khamrakulov, Djurabek"]
[Black "Vakhidov, Shahzod"]
[Result "1-0"]
[Board "34"]
[TimeControl "180+1"]
[WhiteFideId "14201143"]
[BlackFideId "14205270"]
[WhiteElo "2835"]
[BlackElo "2514"]
[WhiteTeam "UZB"]
[BlackTeam "UZB"]
[WhiteClock "0:02:00"]
[BlackClock "0:00:33"]

1. e4 c5 2. Nf3 g6 3. c3 d5 4. exd5 Qxd5 5. d4 Bg7 6. Nbd2 cxd4 7. Bc4 Qd8 8. Nxd4 Nf6 9. O-O O-O 10. Qe2 Bg4 11. N2f3 Qc7 12. h3 Bxf3 13. Nxf3 Nc6 14. Re1 Rac8 15. Bb3 Nd7 16. h4 Nc5 17. Bc2 e5 18. h5 Rfe8 19. Ng5 e4 20. Be3 Qe5 21. hxg6 hxg6 22. Qc4 Ne6 23. Nxe4 Ncd4 24. Bxd4 Nxd4 25. Qxd4 Qxd4 26. cxd4 Rxc2 27. Nf6+ Bxf6 28. Rxe8+ Kg7 29. Rd1 1-0

[Event "January 9 Early 2024"]
[Site "https://www.chess.com"]
[Date "2024.01.11"]
[Round "3"]
[White "Garriga Cazorla, Pere"]
[Black "Krishnan, Ritvik"]
[Result "1-0"]
[Board "35"]
[TimeControl "180+1"]
[WhiteFideId "32011601"]
[BlackFideId "45055297"]
[WhiteElo "2703"]
[BlackElo "2489"]
[WhiteTeam "ESP"]
[BlackTeam "IND"]
[WhiteClock "0:01:21"]
[BlackClock "0:01:06"]

1. d4 Nf6 2. c4 e6 3. Nf3 d5 4. Nc3 Nbd7 5. Bf4 Bb4 6. e3 O-O 7. Rc1 c5 8. cxd5 Nxd5 9. Bg3 Qa5 10. Qd2 N7f6 11. Bd3 cxd4 12. exd4 b6 13. a3 Be7 14. O-O Ba6 15. Nxd5 Qxd5 16. Bxa6 Ne4 17. Qe3 f5 18. Bc4 Qd7 19. Ne5 Qc8 20. Ba2 Qb7 21. Bxe6+ Kh8 22. Rc7 1-0

[Event "January 9 Early 2024"]
[Site "https://www.chess.com"]
[Date "2024.01.11"]
[Round "3"]
[White "Firouzja, Alireza"]
[Black "Zou, Chen"]
[Result "1-0"]
[Board "36"]
[TimeControl "180+1"]
[WhiteFideId "12573981"]
[BlackFideId "8610959"]
[WhiteElo "3135"]
[BlackElo "2800"]
[WhiteTeam "FRA"]
[BlackTeam "CHN"]
[WhiteClock "0:02:01"]
[BlackClock "0:00:29"]

1. e4 e5 2. Nf3 Nc6 3. Bb5 Nf6 4. d3 Bc5 5. Bxc6 dxc6 6. h3 Nd7 7. Nc3 O-O 8. Be3 Bd6 9. g4 c5 10. Ne2 a5 11. a4 Ra6 12. b3 Re8 13. Ng3 Nf8 14. Nf5 Ng6 15. h4 Bf8 16. h5 Nf4 17. Qd2 Ng2+ 18. Ke2 Nxe3 19. Qxe3 Rc6 20. Nd2 b6 21. Rag1 Rce6 22. g5 Qd7 23. Qf3 Rd8 24. Nc4 Rde8 25. Nce3 c6 26. Ng4 Kh8 27. Nf6 gxf6 28. gxf6 Rxf6 29. Qg3 Bh6 30. Nxh6 Rxh6 31. Qg7# 1-0

[Event "January 9 Early 2024"]
[Site "https://www.chess.com"]
[Date "2024.01.11"]
[Round "3"]
[White "Onufrienko, Vladislav"]
[Black "Krzywda, Andrzej"]
[Result "1-0"]
[Board "37"]
[TimeControl "180+1"]
[WhiteFideId "13804332"]
[BlackFideId "1114565"]
[WhiteElo "2610"]
[BlackElo "2393"]
[WhiteTeam "KGZ"]
[BlackTeam "POL"]
[WhiteClock "0:01:44"]
[BlackClock "0:01:12"]

1. e4 e5 2. Nf3 Nf6 3. Nc3 Bb4 4. Nd5 Nxd5 5. exd5 e4 6. Nd4 O-O 7. Bc4 d6 8. O-O Nd7 9. d3 exd3 10. Bxd3 Ne5 11. Be2 Bc5 12. f4 Ng4 13. Bxg4 Bxg4 14. Qxg4 Bxd4+ 15. Kh1 Qf6 16. c3 Bc5 17. f5 h6 18. b4 Bb6 19. Rb1 a5 20. c4 axb4 21. Bb2 Qg5 22. Qh3 f6 23. Bc1 Ra3 24. Rb3 1-0

[Event "January 9 Early 2024"]
[Site "https://www.chess.com"]
[Date "2024.01.11"]
[Round "3"]
[White "Berezin, Viktor"]
[Black "Piesik, Piotr"]
[Result "1-0"]
[Board "38"]
[TimeControl "180+1"]
[WhiteFideId "14107872"]
[BlackFideId "1136194"]
[WhiteElo "2500"]
[BlackElo "2669"]
[WhiteTeam "UKR"]
[BlackTeam "CZE"]
[WhiteClock "0:01:01"]
[BlackClock "0:01:23"]

1. d4 c5 2. d5 e5 3. Nc3 d6 4. e4 Be7 5. Bb5+ Nd7 6. a4 Bg5 7. Nf3 Bxc1 8. Qxc1 Ne7 9. Nd2 O-O 10. Bd3 f5 11. Nc4 Nf6 12. exf5 Bxf5 13. Bxf5 Nxf5 14. O-O a6 15. a5 Qe7 16. Re1 Rad8 17. Qd2 Qf7 18. Ne4 Qg6 19. Ng5 Nd4 20. Kh1 Nxd5 21. c3 Nf4 22. cxd4 Qxg5 23. g3 Qh5 24. gxf4 Qf3+ 25. Kg1 Rxf4 26. Ra3 Rg4+ 27. Kf1 Qh1+ 28. Ke2 Qxh2 29. dxc5 Rxc4 30. Qd5+ Kh8 31. Qxc4 d5 32. Qg4 Rf8 33. Rf3 Rg8 34. Rh3 1-0

[Event "January 9 Early 2024"]
[Site "https://www.chess.com"]
[Date "2024.01.11"]
[Round "3"]
[White "Le, Tuan Minh"]
[Black "Wagner, Dennis"]
[Result "1-0"]
[Board "39"]
[TimeControl "180+1"]
[WhiteFideId "12401153"]
[BlackFideId "24650684"]
[WhiteElo "3003"]
[BlackElo "2747"]
[WhiteTeam "VIE"]
[BlackTeam "GER"]
[WhiteClock "0:01:20"]
[BlackClock "0:00:49"]

1. d4 Nf6 2. Nf3 d5 3. Bf4 c5 4. c3 Nc6 5. e3 Qb6 6. Qc2 g6 7. Nbd2 Bf5 8. dxc5 Qxc5 9. Qb3 Qb6 10. Nd4 Nxd4 11. exd4 Qxb3 12. axb3 Bg7 13. Be2 O-O 14. O-O a6 15. b4 Ne4 16. Nb3 Rfe8 17. Rfe1 h5 18. Bf1 g5 19. Be3 f6 20. Nc5 Nd6 21. f3 Kf7 22. Bf2 e6 23. Bg3 Nc4 24. Nxb7 e5 25. Bxc4 dxc4 26. Nd6+ Kg6 27. Nxe8 Rxe8 28. dxe5 h4 29. Bf2 1-0

[Event "January 9 Early 2024"]
[Site "https://www.chess.com"]
[Date "2024.01.11"]
[Round "3"]
[White "Bryakin, Mikhail"]
[Black "Olcayoz, Gizem"]
[Result "1-0"]
[Board "40"]
[TimeControl "180+1"]
[WhiteFideId "4165314"]
[BlackFideId "6301444"]
[WhiteElo "2850"]
[BlackElo "2002"]
[WhiteTeam "SRB"]
[BlackTeam "TUR"]
[WhiteClock "0:02:31"]
[BlackClock "0:00:07"]

1. g3 f5 2. Bg2 Nf6 3. d3 d6 4. Nd2 e5 5. e4 Nc6 6. Ne2 Be7 7. O-O O-O 8. exf5 Bxf5 9. f4 Qd7 10. Nc4 Bh3 11. Ne3 Bxg2 12. Kxg2 Rae8 13. f5 d5 14. d4 Nxd4 15. Nxd4 exd4 16. Qxd4 c5 17. Qf4 d4 18. Ng4 Bd6 19. Qf3 Nxg4 20. Qxg4 Re5 21. Bf4 Rd5 22. Bxd6 Rxd6 23. Rae1 Rdf6 24. Re5 b6 25. Qe4 h6 26. g4 Qb5 27. b3 Qa5 28. a4 Qd2+ 29. Rf2 Qg5 30. Kg3 h5 31. h4 Qxg4+ 32. Qxg4 hxg4 33. Kxg4 g6 34. Kg5 Rxf5+ 35. Rfxf5 Rxf5+ 36. Rxf5 gxf5 37. Kxf5 Kg7 38. Ke5 a6 39. Kd5 Kg6 40. Kc6 Kf5 41. Kxb6 Kg4 42. Kxc5 Kxh4 43. Kxd4 1-0

[Event "January 9 Early 2024"]
[Site "https://www.chess.com"]
[Date "2024.01.11"]
[Round "3"]
[White "La Villa Rivas, Marlon Javier"]
[Black "Viana, Valeria"]
[Result "0-1"]
[Board "41"]
[TimeControl "180+1"]
[WhiteFideId "3519546"]
[BlackFideId "8407100"]
[WhiteElo "2335"]
[BlackElo "2103"]
[WhiteTeam "CUB"]
[BlackTeam "HON"]
[WhiteClock "0:01:52"]
[BlackClock "0:00:13"]

1. e4 c6 2. c4 d5 3. cxd5 cxd5 4. exd5 Qxd5 5. Nc3 Qa5 6. d4 Nf6 7. h3 e6 8. Nf3 Nc6 9. Bd3 Be7 10. O-O O-O 11. a3 a6 12. Bg5 h6 13. Bf4 Qd8 14. Bc2 Bd6 15. Ne5 Qc7 16. Re1 b5 17. Qf3 Bb7 18. Qg3 Kh8 19. Rad1 Rad8 20. Qh4 Ng8 21. Ne4 Nxd4 22. Nxd6 Rxd6 23. Nxf7+ Qxf7 24. Bxd6 Nxc2 25. Bxf8 Nxe1 26. Bxg7+ Qxg7 27. Rxe1 Qxg2# 0-1

[Event "January 9 Early 2024"]
[Site "https://www.chess.com"]
[Date "2024.01.11"]
[Round "3"]
[White "Can, Melih Kaan"]
[Black "Sava, Ana-Maria"]
[Result "1-0"]
[Board "42"]
[TimeControl "180+1"]
[WhiteFideId "6317383"]
[BlackFideId "1213504"]
[WhiteElo "2390"]
[BlackElo "1820"]
[WhiteTeam "TUR"]
[BlackTeam "ROU"]
[WhiteClock "0:01:08"]
[BlackClock "0:01:23"]

1. e4 e5 2. Nf3 Nf6 3. Bc4 h6 4. Nxe5 d5 5. exd5 Bd6 6. Nf3 O-O 7. O-O a6 8. Nc3 b5 9. Bb3 Bb7 10. d4 b4 11. Ne2 Nxd5 12. Qd3 Nf6 13. d5 a5 14. a3 Ba6 15. Bc4 Bxc4 16. Qxc4 Qd7 17. axb4 a4 18. Ng3 Na6 19. Bd2 Rab8 20. c3 Rfe8 21. Qxa6 Ra8 22. Qc4 Bxg3 23. hxg3 Nxd5 24. Rad1 Qf5 25. Bf4 Nxf4 26. Qxf4 Qc2 27. Rd7 Rf8 28. Rd2 Qb3 29. Qxc7 a3 30. bxa3 Rxa3 31. Rfd1 Ra2 32. Rxa2 Qxd1+ 33. Kh2 Qd3 34. Rd2 Qe4 35. Qf4 Qc6 36. Rd3 Qb5 37. Rd4 Qh5+ 38. Qh4 Qg6 39. Rg4 Qe6 40. Nd4 Qd6 41. Nf5 1-0

[Event "January 9 Early 2024"]
[Site "https://www.chess.com"]
[Date "2024.01.11"]
[Round "3"]
[White "Martinez Alcantara, Jose Eduardo"]
[Black "Skvortsov, Andrei"]
[Result "1-0"]
[Board "43"]
[TimeControl "180+1"]
[WhiteFideId "3805662"]
[BlackFideId "24108600"]
[WhiteElo "3032"]
[BlackElo "2667"]
[WhiteTeam "PER"]
[BlackTeam "MNE"]
[WhiteClock "0:01:55"]
[BlackClock "0:00:48"]

1. e4 d5 2. exd5 Qxd5 3. Nc3 Qe5+ 4. Be2 Bg4 5. d4 Bxe2 6. Ngxe2 Qa5 7. Qd3 e6 8. O-O Nf6 9. Ne4 Nxe4 10. Qxe4 Qd5 11. Qg4 Nc6 12. c3 O-O-O 13. Be3 h5 14. Qg5 Be7 15. Qxd5 exd5 16. Nf4 g6 17. Rfe1 Bf6 18. Nd3 Ne7 19. Bf4 Nf5 20. Be5 Bxe5 21. Nxe5 Nd6 22. f3 Rhe8 23. Kf2 Re6 24. Nxf7 Rxe1 25. Nxd6+ Rxd6 26. Rxe1 Kd7 27. h4 Ra6 28. a3 Rb6 29. Re2 a5 30. g4 a4 31. Kg3 Re6 32. Rxe6 Kxe6 33. f4 hxg4 34. Kxg4 Kf6 35. f5 gxf5+ 36. Kf4 Kg6 37. h5+ Kxh5 38. Kxf5 c6 39. Ke6 Kg4 40. Kd6 Kf4 41. Kc7 Ke4 42. Kxb7 Kd3 43. Kxc6 Kc2 44. Kb5 Kxb2 45. Kb4 Kc2 46. c4 dxc4 47. Kxc4 Kb2 48. Kb4 1-0

[Event "January 9 Early 2024"]
[Site "https://www.chess.com"]
[Date "2024.01.11"]
[Round "3"]
[White "Kokoszczynski, Jan"]
[Black "Fernandez Garcia, Gumersindo"]
[Result "0-1"]
[Board "44"]
[TimeControl "180+1"]
[WhiteFideId "1174460"]
[BlackFideId "24516740"]
[WhiteElo "2566"]
[BlackElo "2371"]
[WhiteTeam "POL"]
[BlackTeam "ESP"]
[WhiteClock "0:01:00"]
[BlackClock "0:01:03"]

1. d4 Nf6 2. Bg5 e6 3. e4 c5 4. Nc3 cxd4 5. Qxd4 Nc6 6. Nb5 Nxd4 7. Nxd4 Qa5+ 8. Bd2 Qe5 9. Be3 Nxe4 10. Ngf3 Qa5+ 11. c3 d5 12. Bd3 Bd7 13. O-O Be7 14. b4 Qd8 15. Rac1 Rc8 16. c4 O-O 17. a3 Bf6 18. cxd5 exd5 19. Rcd1 Re8 20. h3 a6 21. Rfe1 Rc3 22. Bb1 Rxa3 23. Bf4 Qc8 24. Rc1 Rc3 25. Rcd1 h6 26. Re2 b6 27. Be3 a5 28. bxa5 bxa5 29. Ba2 Be6 30. Nb5 Rc2 31. Nbd4 Rxe2 32. Nxe2 Qc2 0-1

[Event "January 9 Early 2024"]
[Site "https://www.chess.com"]
[Date "2024.01.11"]
[Round "3"]
[White "Skuhala, Barbara"]
[Black "Andrews, Todd"]
[Result "1-0"]
[Board "45"]
[TimeControl "180+1"]
[WhiteFideId "14605465"]
[BlackFideId "2012456"]
[WhiteElo "2291"]
[BlackElo "2480"]
[WhiteTeam "SLO"]
[BlackTeam "USA"]
[WhiteClock "0:01:25"]
[BlackClock "0:00:51"]

1. e4 e6 2. d4 d5 3. Nc3 Bb4 4. e5 c5 5. a3 Bxc3+ 6. bxc3 Ne7 7. Qg4 Qc7 8. Qxg7 Rg8 9. Qxh7 cxd4 10. Ne2 Nbc6 11. f4 dxc3 12. h3 d4 13. Qd3 b6 14. Nxd4 Nxd4 15. Qxd4 Bb7 16. Bb5+ Nc6 17. g4 a6 18. Bxc6+ Qxc6 19. Rg1 Rd8 20. Qe3 Qa4 21. Qe2 Rh8 22. Rg3 Qd4 23. Be3 Qe4 24. Bxb6 Qh1+ 25. Qf1 Qe4+ 26. Qe2 Qh1+ 27. Rg1 Qxh3 28. Bxd8 Kxd8 29. O-O-O+ Kc8 30. Rd3 Qh6 31. Rxc3+ Kb8 32. Qe3 Rd8 33. Rd1 Rxd1+ 34. Kxd1 Qh1+ 35. Kd2 Qg2+ 36. Kc1 Qxg4 37. Qd4 Qf3 38. Rxf3 1-0

[Event "January 9 Early 2024"]
[Site "https://www.chess.com"]
[Date "2024.01.11"]
[Round "3"]
[White "Bonin, Jay"]
[Black "Jakubowski, Krzysztof"]
[Result "0-1"]
[Board "46"]
[TimeControl "180+1"]
[WhiteFideId "2000644"]
[BlackFideId "1112848"]
[WhiteElo "2323"]
[BlackElo "2674"]
[WhiteTeam "USA"]
[BlackTeam "POL"]
[WhiteClock "0:01:06"]
[BlackClock "0:00:37"]

1. d4 Nf6 2. Nf3 b6 3. Bg5 Ne4 4. Qd3 Bb7 5. Nbd2 Nxg5 6. Nxg5 g6 7. e4 e6 8. h4 h6 9. Ngf3 d6 10. O-O-O Nd7 11. g3 a6 12. Bh3 Bg7 13. d5 Qf6 14. c3 Nc5 15. Qe3 a5 16. Nd4 exd5 17. exd5+ Kd8 18. Nc6+ Bxc6 19. dxc6 Re8 20. Qf3 a4 21. Rhe1 Rxe1 0-1

[Event "January 9 Early 2024"]
[Site "https://www.chess.com"]
[Date "2024.01.11"]
[Round "3"]
[White "Ingebretsen, Jens E"]
[Black "Skaric, Djuro"]
[Result "1-0"]
[Board "47"]
[TimeControl "180+1"]
[WhiteFideId "1522965"]
[BlackFideId "934569"]
[WhiteElo "2602"]
[BlackElo "2291"]
[WhiteTeam "NOR"]
[BlackTeam "SRB"]
[WhiteClock "0:01:49"]
[BlackClock "0:00:06"]

1. e4 d6 2. d4 g6 3. Bc4 Bg7 4. Nf3 Nf6 5. Qe2 O-O 6. e5 Nfd7 7. O-O Nb6 8. Bb3 Nc6 9. Rd1 Bg4 10. Nc3 Bxf3 11. Qxf3 dxe5 12. dxe5 Nxe5 13. Qxb7 Qc8 14. Qe4 c5 15. Nd5 Re8 16. Bf4 c4 17. Bxe5 Nxd5 18. Ba4 Nb6 19. Bxe8 Qxe8 20. Bxg7 Kxg7 21. a4 Rc8 22. a5 Nd7 23. Qd4+ Nf6 24. Qxa7 Qb5 25. a6 Qxb2 26. Qb7 Qxb7 27. axb7 Rb8 28. Rdb1 Nd7 29. Ra8 Kf6 30. Rxb8 Nxb8 31. Ra1 Ke6 32. Ra8 1-0

[Event "January 9 Early 2024"]
[Site "https://www.chess.com"]
[Date "2024.01.11"]
[Round "3"]
[White "Filippova, Margarita"]
[Black "Mirza, Diana"]
[Result "1-0"]
[Board "48"]
[TimeControl "180+1"]
[WhiteFideId "34199680"]
[BlackFideId "2503999"]
[WhiteElo "2346"]
[BlackElo "2007"]
[WhiteTeam "RUS"]
[BlackTeam "IRL"]
[WhiteClock "0:01:38"]
[BlackClock "0:00:20"]

1. e4 c5 2. Nf3 e6 3. c3 Nf6 4. e5 Nd5 5. d4 cxd4 6. Qxd4 d6 7. Bb5+ Bd7 8. a4 Nc6 9. Qe4 dxe5 10. Nxe5 Nxe5 11. Qxe5 Bxb5 12. axb5 Qd6 13. Qe2 Nf4 14. Bxf4 Qxf4 15. O-O Bd6 16. g3 Qh6 17. Rd1 Bc5 18. Nd2 O-O 19. Ne4 Be7 20. Rd7 f5 21. Rxe7 f4 22. Rd1 f3 23. Qf1 Rfd8 24. Red7 Rxd7 25. Rxd7 e5 26. h4 Qe6 27. Qd1 Rf8 28. Ng5 Qg4 29. Qd5+ Kh8 30. Rf7 Rc8 31. Qxf3 1-0